 Dungeon Crawl Stone Soup version 0.21.0 (webtiles) character file.

407406 Mgcat the Earth Mage (level 23, -2/144 HPs)
             Began as a Gargoyle Earth Elementalist on Jan 4, 2018.
             Was the Champion of Vehumet.
             Killed from afar by a battlesphere (19 damage)
             ... created by a tengu reaver
             ... on level 2 of the Depths on Jan 6, 2018.
             The game lasted 05:38:55 (76159 turns).

Mgcat the Earth Mage (Gargoyle Earth Elementalist) Turns: 76159, Time: 05:38:58

Health: -2/144     AC: 15    Str: 14    XL:     23   Next: 43%
Magic:  22/53      EV: 21    Int: 33    God:    Vehumet [******]
Gold:   3169       SH: 10    Dex: 16    Spells: 7/54 levels left

rFire    + + .     SeeInvis +   T - staff of energy
rCold    . . .     Gourm    .   H - +3 buckler
rNeg     + + .     Faith    .   A - +2 robe {MR+}
rPois    ∞         Spirit   .   E - +3 hat of Pondering {ponderous, MR+ MP+10 Int+5}
rElec    +         Reflect  +   (no cloak)
rCorr    .         Harm     .   y - +2 pair of gloves
MR       +++..     NoTele   +   (no boots)
Stlth    ++........             a - amulet "Vyol" {Reflect -Tele Int+4 Dex+2 SH+2 SInv}
HPRegen  0.34/turn              s - ring "Sojowuawn" {rF+ rN+ Dex+4}
MPRegen  0.33/turn              N - ring of protection from fire

@: corroded, flying, slow
A: big wings, negative energy resistance 1, electricity resistance, unbreathing,
petrification resistance, rot immunity, AC +17
}: 2/15 runes: serpentine, barnacled
a: Stop Flying, Renounce Religion


You were on level 2 of the Depths.
You worshipped Vehumet.
Vehumet was exalted by your worship.
You were not hungry.

You visited 9 branches of the dungeon, and saw 40 of its levels.
You also visited: Labyrinth and Wizlab.

You collected 4761 gold pieces.
You spent 1592 gold pieces at shops.

Inventory:

Hand Weapons
 t - the +3 flail "Ezesch" {antimagic, -Tele rElec MR++}
   (You found it on level 2 of the Snake Pit)

   It reduces the magical energy of the wielder, and disrupts the spells and
   magical abilities of those hit.
   Natural abilities and divine invocations are not affected.
   It insulates you from electricity.
   It affects your resistance to hostile enchantments.
   It prevents most forms of teleportation.
 u - the +3 whip of Poverty {flame, Int+5}
   (You found it on level 4 of the Dungeon)

   It has been specially enchanted to burn those struck by it, causing extra
   injury to most foes and up to half again as much damage against particularly
   susceptible opponents.
   It affects your intelligence (+5).
 w - the +11 trident of Guilt {speed, rN+ Stlth+}
   (You found it on level 2 of the Elven Halls)

   Attacks with this weapon are significantly faster.
   It protects you from negative energy.
   It makes you more stealthy.
Missiles
 b - 1106 stones (quivered)
Armour
 y - a +2 pair of gloves (worn)
 A - a +2 robe of magic resistance (worn)
 D - a +2 robe of cold resistance
 E - the +3 hat of Pondering (worn) {ponderous, MR+ MP+10 Int+5}
   (You took it off Gastronok on level 8 of the Dungeon)

   It affects your intelligence (+5).
   It affects your resistance to hostile enchantments.
   It affects your magic capacity (+10).
 H - a +3 buckler (worn)
Magical Staves
 T - an uncursed staff of energy (weapon)
Jewellery
 a - the amulet "Vyol" (around neck) {Reflect -Tele Int+4 Dex+2 SH+2 SInv}
   (You bought it in a shop on level 1 of the Snake Pit)

   [amulet of reflection]

   It shields you and reflects attacks.
   It affects your intelligence (+4).
   It affects your dexterity (+2).
   It lets you see invisible.
   It prevents most forms of teleportation.
   It affects your SH (+2).
 f - an uncursed amulet of regeneration {unknown}
 s - the ring "Sojowuawn" (left hand) {rF+ rN+ Dex+4}
   (You bought it in a shop on level 1 of the Snake Pit)

   [ring of protection from fire]

   It affects your dexterity (+4).
   It protects you from fire.
   It protects you from negative energy.
 F - a cursed -3 ring of evasion {unknown}
 I - an uncursed ring of protection from cold {unknown}
 J - a +4 ring of evasion {unknown}
 N - a ring of protection from fire (right hand)
 S - the ring of Ekaryr {rC+ Int+5 Dex+5}
   (You found it on level 10 of the Dungeon)

   [ring of dexterity]

   It affects your intelligence (+5).
   It affects your dexterity (+5).
   It protects you from cold.
Wands
 c - a wand of iceblast (42)
 M - a wand of clouds (10)
 Q - a wand of acid (36)
Scrolls
 j - 18 scrolls of identify
 k - a scroll of blinking
 p - 18 scrolls of remove curse
 q - 17 scrolls of teleportation
 r - 7 scrolls of magic mapping
 v - a scroll of immolation
 x - a scroll of enchant armour
 z - a scroll of silence
 K - a scroll of brand weapon
 L - 2 scrolls of fear
Potions
 d - 2 potions of agility
 e - 2 potions of magic
 g - 6 potions of haste
 i - 13 potions of mutation
 l - 7 potions of resistance
 o - 20 potions of curing
 B - 8 potions of brilliance
 W - 2 potions of cancellation
Books
 h - a book of Maledictions

   Spells                             Type                      Level
   a - Corona                         Hexes                        1
   b - Ensorcelled Hibernation        Hexes/Ice                    2
   c - Confuse                        Hexes                        3
   d - Tukima's Dance                 Hexes                        3
   e - Dazzling Spray                 Conjuration/Hexes            3
 G - the Papyrus of the True Pharaoh
   (You found it in a wizard's laboratory)

   Spells                             Type                      Level
   a - Swiftness                      Charms/Air                   2
   b - Poisonous Vapours              Poison/Air                   2
   c - Airstrike                      Air                          4
   d - Summon Lightning Spire         Summoning/Air                4
   e - Tornado                        Air                          9
Miscellaneous
 n - a phantom mirror
 C - a lightning rod (4/4)
Comestibles
 m - 54 rations


   Skills:
 + Level 15.2 Fighting
 + Level 12.2 Dodging
 - Level 2.1 Stealth
 - Level 4.1 Shields
 + Level 16.3 Spellcasting
 + Level 18.5 Conjurations
   Level 0.7 Transmutations
 + Level 16.6 Fire Magic
 + Level 20.3 Earth Magic
 + Level 8.8 Evocations


You had 7 spell levels left.
You knew the following spells:

 Your Spells              Type           Power        Failure   Level  Hunger
a - Sandblast             Erth           ######       0%          1    None
b - Stone Arrow           Conj/Erth      ######       0%          3    None
c - Lee's Rapid Deconstr  Erth           ########..   0%          5    None
d - Flame Tongue          Conj/Fire      #####        0%          1    None
e - Conjure Flame         Conj/Fire      #######.     0%          3    None
f - Bolt of Magma         Conj/Fire/Erth #######...   0%          5    None
g - Iron Shot             Conj/Erth      ########..   1%          6    None
h - Bolt of Fire          Conj/Fire      #######...   1%          6    None
i - Shatter               Erth           ########..   7%          9    None
j - Lehudib's Crystal Sp  Conj/Erth      ########..   1%          8    None


Dungeon Overview and Level Annotations

Branches:
Dungeon (15/15)            Temple (1/1) D:4            Lair (6/6) D:10
 Shoals (4/4) Lair:3        Snake (4/4) Lair:4        Slime (0/5) Lair:5
    Orc (2/2) D:10            Elf (2/3) Orc:2        Vaults (4/5) D:13
  Crypt (0/3) Vaults:2     Depths (2/5) D:15

Altars:
Ashenzari
Dithmenos
Elyvilon
Fedhas
Gozag
Hepliaklqana
Kikubaaqudgha
Makhleb
Nemelex Xobeh
Okawaru
Qazlal
Ru
Sif Muna
Trog
Vehumet
Wu Jian
Xom
Yredelemnul
Zin
The Shining One
Beogh

Shops:
Orc:2 =??[   Elf:1 (   Shoals:2 :   Snake:1 =}=   Snake:3 ?   Snake:4 ?(
Vaults:4 %

Portals:
Hell: Depths:1


Innate Abilities, Weirdness & Mutations

You are resistant to torment.
Your stone body is resilient. (AC +17)
You are immune to poison.
Your large and strong wings let you fly indefinitely.
You resist negative energy. (rN+)
You are resistant to electric shocks. (rElec)
You can survive without breathing.
You are immune to petrification.
You are immune to rotting.


Message History

Casting: Bolt of Magma
Confirm with . or Enter, or press ? or * to list all spells.
Aiming: Iron Shot
Press: ? - help, Shift-Dir - straight line, f - deep elf annihilator
Aim: a deep elf annihilator, wielding a dagger and wearing a leather armour The iron shot hits the deep elf annihilator.
The deep elf annihilator is heavily wounded.
Casting: Iron Shot
Confirm with . or Enter, or press ? or * to list all spells.
Aiming: Iron Shot
Press: ? - help, Shift-Dir - straight line, f/p - deep elf annihilator
Aim: a deep elf annihilator, wielding a dagger and wearing a leather armour (heavily wounded)
The iron shot hits the deep elf annihilator.
You kill the deep elf annihilator!
Vehumet accepts your kill.
You feel your power returning.
The tengu reaver gestures at you while chanting.
The bolt of acid misses you.
The battlesphere fires!
The barrage of energy hits you!
You die...

## .##. #### #### #####
..#.....###..####..###...#
......................#...##
...........>...............#
....... ##.................##
....%..##...................##
...........()@............#...
...[......................#...
..[...[......)*Q...........<..
##...#...#...................
#.# ##.##................... #
#.##................##.
##....####W'####..### . ##...#
..# #... . #.[.# #..


You could see a tengu reaver, a flayed ghost and a battlesphere.

Vanquished Creatures
  Mara (Snake:4)
  Sojobo (Vaults:4)
  Bai Suzhen (Vaults:4)
  Vashnia (Snake:4)
  A caustic shrike (Depths:2)
  Nikola (Shoals:3)
  A Cloud Mage (WizLab)
  2 tentacled monstrosities
  The ghost of Dustman the Severer, an adept HOMo of Cheibriados (Snake:4)
  A lich (Vaults:3)
  A titan (Vaults:3)
  A kraken (Shoals:4)
  2 sphinxes (Vaults:3)
  4 tengu reavers
  Gastronok (D:8)
  A shadow dragon (Vaults:3)
  Roxanne (Shoals:3)
  The ghost of Deadscale the Warrior, a journeyman MiBe of Trog (Snake:2)
  Donald (Snake:2)
  5 fire giants
  2 storm dragons
  8 vault wardens
  Ilsuiw (Shoals:4)
  10 nagarajas (Snake:4)
  7 deep elf sorcerers
  3 frost giants
  An orc warlord (Orc:2)
  2 deep elf elementalists
  A ghoul (Vaults:2)
  12 ironheart preservers
  2 very ugly things (Depths:1)
  2 entropy weavers (Vaults:3)
  2 deep elf annihilators
  7 stone giants
  A deep elf demonologist (Vaults:3)
  2 spark wasps (WizLab)
  A white draconian (Vaults:3)
  11 merfolk javelineers (Shoals:4)
  3 deep elf death magi
  5 blizzard demons (WizLab)
  3 fire dragons
  Josephine (D:13)
  A minotaur (Lab)
  4 ettins
  12 merfolk impalers
  13 naga warriors
  6 great orbs of eyes
  3 ice dragons
  The ghost of zaRGo the Thaumaturge, a journeyman DEFE of Vehumet (Lair:1)
  A jiangshi (Vaults:3)
  5 yaktaur captains
  Harold (Lair:4)
  Erolcha (D:9)
  11 vault guards
  A death knight (Vaults:4)
  8 hydras
  A rakshasa (Depths:1)
  5 merfolk avatars
  3 catoblepae
  3 spriggan air magi (WizLab)
  4 merfolk aquamancers
  47 two-headed ogres
  An alligator snapping turtle (Shoals:2)
  Erica (D:8)
  33 dancing weapons
  10 anacondas
  10 centaur warriors
  4 satyrs
  14 ogre magi
  A vampire mage (Depths:2)
  An orc high priest (Elf:1)
  4 death yaks (Lair:6)
  A deep troll earth mage (Depths:1)
  2 deep troll shamans
  21 deep elf knights
  A tengu warrior (D:10)
  17 naga sharpshooters
  11 shock serpents
  2 skeletal warriors (Vaults:1)
  3 fire crabs
  2 death drakes (WizLab)
  3 unseen horrors
  12 sea snakes
  A shadow wraith (Vaults:4)
  A spriggan druid (Elf:1)
  A storm dragon skeleton (Vaults:1)
  11 deep trolls
  6 salamander mystics (Snake:4)
  A flayed ghost (Vaults:4)
  4 naga ritualists
  A phantasmal warrior (Vaults:2)
  15 deep elf archers
  3 wizards
  Pikel (D:6)
  14 harpies
  A wolf spider zombie (D:15)
  A harpy (shapeshifter) (Vaults:3)
  4 wolf spiders
  5 ironbrand convokers
  7 orc knights
  2 necromancers
  2 orc sorcerers
  7 mana vipers
  18 manticores
  54 deep elf magi
  32 ugly things
  6 salamanders
  A faun (shapeshifter) (Elf:2)
  7 elephants
  16 fauns
  8 cyclopes
  22 black mambas
  21 naga magi
  2 human skeletons (Vaults:1)
  12 merfolk sirens
  A black mamba (shapeshifter) (Elf:1)
  A water nymph (shapeshifter) (Vaults:4)
  3 gargoyles
  12 vault sentinels
  8 guardian serpents
  7 spiny frogs
  4 apocalypse crabs (WizLab)
  6 water nymphs
  4 kobold demonologists
  A yaktaur (shapeshifter) (Vaults:3)
  4 rime drakes
  4 freezing wraiths
  5 komodo dragons
  12 yaktaurs
  A tengu conjurer (D:13)
  33 merfolk
  An entropy weaver simulacrum (Vaults:2)
  An ice devil (Depths:1)
  The ghost of Mgcat the Digger, a novice GrEE (D:3)
  A queen bee (Lair:2)
  A troll (shapeshifter) (Vaults:4)
  10 trolls
  3 polar bears
  Prince Ribbit (D:8)
  6 wind drakes
  A wind drake (shapeshifter) (Elf:1)
  5 hornets
  6 blink frogs (Lair:6)
  5 dream sheep
  10 slime creatures
  9 snapping turtles
  A fire dragon zombie (Depths:1)
  11 hippogriffs
  A stone giant simulacrum (Vaults:3)
  16 air elementals
  A snapping turtle (shapeshifter) (Vaults:3)
  A fire giant simulacrum (Vaults:3)
  A shadow (D:13)
  5 wraiths
  8 spriggans (D:8)
  29 yaks
  2 vampires (D:10)
  9 water elementals
  3 hogs (D:7)
  A human (D:7)
  3 wyverns
  Grum (D:9)
  5 basilisks
  8 fire elementals
  A human (shapeshifter) (Vaults:2)
  A hungry ghost (D:10)
  3 steam dragons (Lair:2)
  A yaktaur simulacrum (Depths:1)
  3 vampire mosquitoes (D:13)
  Menkaure (D:6)
  59 nagas
  2 acid dragons
  4 wargs
  A tengu zombie (Depths:1)
  23 water moccasins
  2 soldier ants (D:14)
  12 porcupines
  Duvessa (D:6)
  A floating eye (Vaults:3)
  2 meliai simulacra
  3 slaves
  9 sky beasts
  22 orc warriors
  An eye of draining (shapeshifter) (Vaults:1)
  2 ice beasts
  3 black bears
  A necrophage (D:14)
  24 wolves
  9 boggarts
  44 ogres
  3 phantoms
  25 centaurs
  10 crocodiles
  8 big kobolds
  An elf zombie (D:14)
  An elf simulacrum (Vaults:1)
  17 bullfrogs
  A wyvern zombie (D:13)
  A deep troll simulacrum (Vaults:1)
  2 earth elementals (Elf:1)
  Dowan (D:6)
  A wyvern skeleton (D:15)
  4 scorpions
  A water moccasin skeleton (D:9)
  A scorpion (shapeshifter) (Vaults:3)
  48 killer bees
  A troll zombie (D:14)
  10 wights
  6 electric eels
  4 howler monkeys
  6 crimson imps
  A quasit (D:11)
  A bullfrog zombie (D:12)
  3 hounds
  8 jellies
  8 orc priests
  6 human zombies (D:14)
  19 orc wizards
  2 bullfrog skeletons
  2 centaur skeletons
  4 iguanas
  10 worker ants
  A hell rat (Lair:2)
  A killer bee zombie (D:5)
  A mummy (D:14)
  A hound skeleton (D:8)
  A worker ant zombie (D:5)
  6 adders
  15 gnolls
  A river rat (Lair:2)
  3 shadow imps
  6 oozes
  An adder skeleton (D:9)
  6 worms
  A dart slug (D:4)
  9 leopard geckos
  63 orcs
  3 ball pythons
  8 bats
  5 giant cockroaches
  6 goblins
  4 hobgoblins
  8 quokkas
  A ball python skeleton (D:4)
  6 frilled lizards
  33 kobolds
  An orc skeleton (D:14)
  An orc zombie (D:14)
  A quokka skeleton (D:6)
  A quokka zombie (D:8)
  3 rats
  A fungus (Lair:6)
  7 plants
1617 creatures vanquished.

Vanquished Creatures (others)
  A centaur warrior (Depths:1)
  A naga sharpshooter (Snake:4)
  A deep elf archer (Elf:1)
  A deep elf mage (Elf:1)
  A faun (Shoals:3)
  A salamander (Snake:2)
  A cyclops (Vaults:1)
  A yaktaur (Vaults:1)
  A merfolk (Shoals:4)
  A naga (Snake:3)
  An orc (Elf:1)
  A quokka (D:6)
  3 fungi (Lair:2)
  13 plants
  4 tentacles (Shoals:4)
  11 toadstools (D:6)
43 creatures vanquished.

Grand Total: 1660 creatures vanquished

Notes
Turn   | Place    | Note
-------+----------+-------------------------------------------
     0 | D:1      | Mgcat the Gargoyle Earth Elementalist began the quest for the Orb.
     0 | D:1      | Reached XP level 1. HP: 10/10 MP: 3/3
   101 | D:1      | Reached skill level 4 in Earth Magic
   101 | D:1      | Reached XP level 2. HP: 9/15 MP: 1/5
   740 | D:1      | Reached XP level 3. HP: 14/19 MP: 3/6
  1273 | D:1      | Learned a level 3 spell: Stone Arrow
  2950 | D:3      | Reached XP level 4. HP: 20/24 MP: 8/8
  3106 | D:2      | Reached skill level 5 in Earth Magic
  3324 | D:3      | Noticed Mgcat's ghost (novice GrEE)
  3461 | D:2      | Upgraded the game from 0.21-b1-21-g86478ac to 0.21-b1-23-g1fb0a74
  4337 | D:4      | Reached XP level 5. HP: 19/28 MP: 8/10
  4344 | D:4      | Learned a level 5 spell: Lee's Rapid Deconstruction
  4353 | D:4      | Got a jewelled whip
  4354 | D:4      | Identified the +3 whip of Poverty {flame, Int+5} (You found it on level 4 of the Dungeon)
  4589 | D:4      | Reached skill level 1 in Conjurations
  4725 | D:4      | Reached XP level 6. HP: 24/32 MP: 7/12
  4996 | D:4      | Found a staircase to the Ecumenical Temple.
  5005 | Temple   | Entered the Ecumenical Temple
  5012 | Temple   | Became a worshipper of Vehumet
  5030 | D:5      | Entered Level 5 of the Dungeon
  5150 | D:5      | Reached skill level 6 in Earth Magic
  5675 | D:5      | Found a burning altar of Makhleb.
  5675 | D:5      | Noticed an Executioner
  5690 | D:5      | Noticed an orange demon
  5690 | D:5      | Noticed an orange demon
  5723 | D:5      | Reached XP level 7. HP: 17/36 MP: 6/13
  6243 | D:5      | Reached skill level 1 in Fighting
  6409 | D:6      | Reached skill level 5 in Spellcasting
  6409 | D:6      | Reached skill level 7 in Earth Magic
  6753 | D:6      | Reached XP level 8. HP: 36/44 MP: 8/15
  6939 | D:6      | Found a white marble altar of Elyvilon.
  6971 | D:6      | Noticed Duvessa
  6978 | D:6      | Noticed Dowan
  6984 | D:6      | Killed Duvessa
  6990 | D:6      | Killed Dowan
  7211 | D:6      | Noticed Pikel
  7248 | D:6      | Killed Pikel
  7248 | D:6      | Reached skill level 5 in Conjurations
  7338 | D:6      | Found an iron altar of Okawaru.
  7339 | D:6      | Found a shadowy altar of Dithmenos.
  7341 | D:6      | Found a glowing golden altar of the Shining One.
  7341 | D:6      | Found a shattered altar of Ashenzari.
  7343 | D:6      | Found a shimmering altar of Xom.
  7344 | D:6      | Found a sparkling altar of Nemelex Xobeh.
  7378 | D:6      | Reached skill level 8 in Earth Magic
  7523 | D:6      | Reached XP level 9. HP: 43/52 MP: 10/17
  7528 | D:6      | Reached * piety under Vehumet
  7528 | D:6      | Offered knowledge of Flame Tongue by Vehumet.
  7532 | D:6      | Learned a level 1 spell: Flame Tongue
  7723 | D:6      | Reached skill level 1 in Fire Magic
  7969 | D:6      | Noticed Menkaure
  8006 | D:6      | Killed Menkaure
  8917 | D:7      | Reached skill level 5 in Fighting
  8918 | D:7      | Reached skill level 9 in Earth Magic
  8918 | D:7      | Reached XP level 10. HP: 59/59 MP: 1/19
  9830 | D:8      | Noticed Gastronok
  9977 | D:8      | Killed Gastronok
 10351 | D:8      | Offered knowledge of Throw Frost by Vehumet.
 10352 | D:8      | Reached skill level 5 in Dodging
 10709 | D:8      | Reached ** piety under Vehumet
 10742 | D:8      | Reached skill level 10 in Earth Magic
 10932 | D:8      | Reached XP level 11. HP: 54/66 MP: 22/22
 10934 | D:8      | Reached skill level 1 in Shields
 11150 | D:8      | Found a shadowy altar of Dithmenos.
 11554 | D:8      | Noticed Erica
 11558 | D:8      | Killed Erica
 11558 | D:8      | Reached skill level 5 in Fire Magic
 11720 | D:8      | Noticed Prince Ribbit
 11722 | D:8      | Killed Prince Ribbit
 12294 | D:9      | Found a sacrificial altar of Ru.
 12325 | D:9      | Offered knowledge of Conjure Flame by Vehumet.
 12460 | D:9      | Killed an unseen horror
 12698 | D:9      | Reached *** piety under Vehumet
 12782 | D:9      | Noticed Grum
 12793 | D:9      | Noticed a two-headed ogre
 12794 | D:9      | Killed Grum
 12858 | D:8      | Learned a level 3 spell: Conjure Flame
 12978 | D:8      | Killed a two-headed ogre
 13261 | D:9      | Offered knowledge of Mephitic Cloud by Vehumet.
 13784 | D:9      | Found a basalt altar of Yredelemnul.
 13832 | D:9      | Found a glowing silver altar of Zin.
 13838 | D:9      | Noticed Erolcha
 13843 | D:9      | Killed Erolcha
 14282 | D:10     | Entered Level 10 of the Dungeon
 14499 | D:10     | Found a staircase to the Lair.
 14618 | D:10     | Noticed a two-headed ogre
 14621 | D:10     | Killed a two-headed ogre
 14621 | D:10     | Reached XP level 12. HP: 73/73 MP: 19/24
 15077 | D:10     | Got a smoking granite ring
 15133 | D:10     | Found a staircase to the Orcish Mines.
 15373 | D:10     | Reached skill level 11 in Earth Magic
 15507 | D:10     | Noticed a tengu warrior
 15508 | D:10     | Killed a tengu warrior
 15573 | D:10     | Identified the ring of Ekaryr {rC+ Int+5 Dex+5} (You found it on level 10 of the Dungeon)
 15591 | D:11     | Noticed a two-headed ogre
 15598 | D:11     | Killed a two-headed ogre
 15854 | D:11     | Noticed a two-headed ogre
 15860 | D:11     | Killed a two-headed ogre
 15942 | D:11     | Found a deep blue altar of Sif Muna.
 16131 | D:11     | Noticed a two-headed ogre
 16144 | D:11     | Killed a two-headed ogre
 16357 | D:11     | Reached **** piety under Vehumet
 16625 | D:11     | Offered knowledge of Bolt of Magma by Vehumet.
 16633 | D:11     | Learned a level 5 spell: Bolt of Magma
 17086 | Lair:1   | Entered Level 1 of the Lair of Beasts
 17246 | Lair:1   | Noticed zaRGo's ghost (journeyman DEFE)
 17249 | Lair:1   | Killed zaRGo's ghost
 18286 | Lair:2   | Noticed a five-headed hydra
 18392 | Lair:2   | Killed a five-headed hydra
 18392 | Lair:2   | Reached XP level 13. HP: 80/80 MP: 25/26
 18505 | Lair:2   | Found a labyrinth entrance.
 18514 | Lab      | Entered a labyrinth
 18710 | Lab      | Noticed a minotaur
 18713 | Lab      | Killed a minotaur
 18729 | Lab      | Got an encrusted ring mail
 18729 | Lab      | Got a smoking scale mail
 18745 | Lair:2   | Identified the +4 ring mail "Jomikk" {rC+} (You found it in a labyrinth)
 19015 | Lair:2   | Reached skill level 12 in Earth Magic
 19613 | Lair:2   | Reached skill level 10 in Conjurations
 19619 | Lair:2   | Reached ***** piety under Vehumet
 19749 | Lair:2   | Offered knowledge of Iron Shot by Vehumet.
 19757 | Lair:2   | Learned a level 6 spell: Iron Shot
 21540 | Lair:3   | Found a staircase to the Shoals.
 22365 | Lair:4   | Noticed Harold
 22372 | Lair:4   | Killed Harold
 22861 | Lair:4   | Found a staircase to the Snake Pit.
 22863 | Lair:4   | Reached skill level 10 in Fighting
 23081 | Lair:4   | You fall through a shaft for 2 floors!
 23081 | Lair:6   | Entered Level 6 of the Lair of Beasts
 23479 | Lair:4   | Gained mutation: Your large and strong wings let you fly indefinitely. [Gargoyle growth]
 23479 | Lair:4   | Reached XP level 14. HP: 88/88 MP: 27/27
 24262 | Lair:5   | Offered knowledge of Irradiate by Vehumet.
 24262 | Lair:5   | Reached skill level 10 in Spellcasting
 24655 | Lair:5   | Found a staircase to the Slime Pits.
 25266 | Lair:6   | Reached skill level 13 in Earth Magic
 27566 | Orc:1    | Entered Level 1 of the Orcish Mines
 27635 | D:10     | Identified a scroll of acquirement
 27828 | Orc:2    | Entered Level 2 of the Orcish Mines
 27941 | Orc:2    | Noticed an orc warlord
 28240 | Orc:2    | Killed an orc warlord
 28517 | Orc:2    | Found a roughly hewn altar of Beogh.
 28565 | Orc:2    | Reached skill level 1 in Evocations
 29036 | Orc:1    | Offered knowledge of Ozocubu's Refrigeration by Vehumet.
 29036 | Orc:1    | Reached XP level 15. HP: 67/95 MP: 5/29
 29687 | Orc:2    | Found Wamnail's Magic Scroll Shop.
 29692 | Orc:2    | Found Bacruobb's Armour Shoppe.
 29697 | Orc:2    | Found Veaq's Jewellery Boutique.
 29698 | Orc:2    | Found Irebim's Magic Scroll Boutique.
 29721 | Orc:2    | Bought a scroll of noise for 18 gold pieces
 29749 | Orc:2    | Found a staircase to the Elven Halls.
 29753 | Orc:2    | Bought an uncursed amulet of the gourmand for 420 gold pieces
 30270 | Orc:1    | You are sucked into a shaft!
 30732 | Lair:5   | Got a dazzling leather armour
 30743 | Lair:5   | Identified the cursed +0 leather armour "Mekhazoa" {Int+2} (You found it on level 5 of the Lair of Beasts)
 30806 | Lair:6   | Got a spiked leather armour
 30818 | Lair:6   | Identified the cursed +0 leather armour of Recklessness {*Drain rElec Int+2} (You found it on level 6 of the Lair of Beasts)
 31369 | D:3      | Killed Mgcat's ghost
 33156 | D:13     | Reached skill level 10 in Fire Magic
 33984 | D:13     | Noticed Josephine
 33995 | D:13     | Killed Josephine
 34297 | D:13     | Reached skill level 14 in Earth Magic
 34356 | D:13     | Offered knowledge of Freezing Cloud by Vehumet.
 34826 | D:13     | Found a gate to the Vaults.
 35669 | D:14     | Found an iron altar of Okawaru.
 35925 | D:14     | Found a blossoming altar of Fedhas.
 36205 | D:14     | Found an ancient bone altar of Kikubaaqudgha.
 36477 | D:14     | Reached XP level 16. HP: 101/101 MP: 31/31
 36509 | D:15     | Entered Level 15 of the Dungeon
 37135 | D:15     | Offered knowledge of Poison Arrow by Vehumet.
 37488 | D:15     | Found a staircase to the Depths.
 37801 | D:15     | Reached skill level 5 in Evocations
 37982 | D:15     | Got a transparent hunting sling
 37983 | D:15     | Identified the +7 hunting sling "Ohasef" {freeze, MR+} (You found it on level 15 of the Dungeon)
 38703 | Snake:1  | Entered Level 1 of the Snake Pit
 40025 | Snake:1  | Reached skill level 10 in Dodging
 40776 | Snake:1  | Found Idghegup's Jewellery Shop.
 40776 | Snake:1  | Found Gysyxag's Gadget Shoppe.
 40777 | Snake:1  | Found Yrehak's Jewellery Shop.
 40783 | Snake:1  | Bought the amulet "Vyol" {Reflect -Tele Int+4 Dex+2 SH+2 SInv} for 334 gold pieces
 40789 | Snake:1  | Bought the ring "Sojowuawn" {rF+ rN+ Dex+4} for 490 gold pieces
 40965 | Snake:2  | Noticed Deadscale's ghost (journeyman MiBe)
 40970 | Snake:2  | Killed Deadscale's ghost
 41425 | Snake:2  | Got an encrusted flail
 41426 | Snake:2  | Identified the +3 flail "Ezesch" {antimagic, -Tele rElec MR++} (You found it on level 2 of the Snake Pit)
 41659 | Snake:2  | Noticed Donald
 41682 | Snake:2  | Killed Donald
 42133 | Snake:2  | Reached skill level 15 in Earth Magic
 42464 | Snake:2  | Got a smoking fustibalus
 42607 | Snake:2  | Identified the cursed +0 fustibalus "Otusem" {freeze, rElec Int-5 SInv} (You found it on level 2 of the Snake Pit)
 42749 | Snake:2  | Reached XP level 17. HP: 70/108 MP: 32/32
 43463 | Snake:2  | Offered knowledge of Conjure Ball Lightning by Vehumet.
 44460 | Snake:3  | Found Wofrocu's Magic Scroll Boutique.
 44463 | Snake:3  | Got a translucent broad axe
 44464 | Snake:3  | Identified the +3 broad axe "Ucoanonu" {drain, +Rage Stlth+} (You found it on level 3 of the Snake Pit)
 44986 | Shoals:1 | Entered Level 1 of the Shoals
 46697 | Shoals:2 | Found Fovorch's Book Emporium.
 48623 | Shoals:3 | Noticed Nikola
 48632 | Shoals:3 | Killed Nikola
 49455 | Shoals:3 | Reached XP level 18. HP: 115/115 MP: 22/34
 49730 | Shoals:3 | Noticed Roxanne
 49734 | Shoals:3 | Killed Roxanne
 49741 | Shoals:3 | Identified Roxanne's Catalogue of Clay (You took it off Roxanne on level 3 of the Shoals)
 50231 | Shoals:4 | Entered Level 4 of the Shoals
 50650 | Shoals:4 | Offered knowledge of Bolt of Fire by Vehumet.
 50650 | Shoals:4 | Reached skill level 16 in Earth Magic
 50994 | Shoals:4 | Learned a level 6 spell: Bolt of Fire
 51880 | Shoals:4 | Noticed Ilsuiw
 51887 | Shoals:4 | Killed Ilsuiw
 52288 | Shoals:4 | Learned a level 9 spell: Shatter
 52483 | Shoals:4 | Got a barnacled rune of Zot
 53838 | Snake:4  | Entered Level 4 of the Snake Pit
 54087 | Snake:4  | Noticed Dustman's ghost (adept HOMo)
 54450 | Snake:4  | Killed Dustman's ghost
 54450 | Snake:4  | Reached XP level 19. HP: 87/122 MP: 6/36
 54731 | Snake:4  | Reached ****** piety under Vehumet
 55483 | Snake:4  | Noticed Vashnia
 55490 | Snake:4  | Killed Vashnia
 55490 | Snake:4  | Reached skill level 15 in Conjurations
 55515 | Snake:4  | Offered knowledge of Lehudib's Crystal Spear by Vehumet.
 55515 | Snake:4  | Offered knowledge of Glaciate by Vehumet.
 55515 | Snake:4  | Offered knowledge of Chain Lightning by Vehumet.
 55892 | Snake:4  | Found Coesa's Antique Weapon Shop.
 55894 | Snake:4  | Found Ratsora's Magic Scroll Boutique.
 56131 | Snake:4  | Reached skill level 17 in Earth Magic
 56881 | Snake:4  | Noticed Mara
 57061 | Snake:1  | Bought a phantom mirror for 330 gold pieces
 57214 | Snake:4  | Noticed Mgcat's illusion
 57274 | Snake:4  | Killed Mara
 57851 | Snake:4  | Got a serpentine rune of Zot
 58204 | Lair:1   | Upgraded the game from 0.21-b1-23-g1fb0a74 to 0.21.0
 58321 | Elf:1    | Entered Level 1 of the Elven Halls
 58611 | Vaults:1 | Entered Level 1 of the Vaults
 59663 | Vaults:1 | Reached XP level 20. HP: 128/128 MP: 38/38
 61016 | Vaults:2 | Reached skill level 18 in Earth Magic
 61293 | Vaults:2 | Found a staircase to the Crypt.
 64235 | Vaults:3 | Reached XP level 21. HP: 132/132 MP: 29/39
 64324 | Vaults:3 | Reached skill level 15 in Fire Magic
 64333 | Vaults:3 | HP: 4/132 [something[a tengu reaver] (11)]
 64777 | Vaults:3 | Reached skill level 15 in Spellcasting
 66092 | Vaults:4 | Reached skill level 19 in Earth Magic
 66246 | Vaults:4 | Noticed Sojobo
 66251 | Vaults:4 | Killed Sojobo
 66777 | Vaults:4 | Noticed Bai Suzhen
 66784 | Vaults:4 | Killed Bai Suzhen
 66879 | Vaults:4 | Found Kofuhumu's Food Emporium.
 67929 | Vaults:4 | Reached XP level 22. HP: 127/138 MP: 41/41
 68912 | Lair:1   | Learned a level 8 spell: Lehudib's Crystal Spear
 69895 | Elf:1    | Found Suwkaopo's Weapon Boutique.
 71519 | Elf:2    | Got a shimmering trident
 71520 | Elf:2    | Identified the +11 trident of Guilt {speed, rN+ Stlth+} (You found it on level 2 of the Elven Halls)
 71679 | Elf:2    | Found a runed gate.
 71679 | Elf:2    | Found a runed gate.
 71680 | Elf:2    | Found a runed gate.
 71689 | Elf:2    | Reached skill level 20 in Earth Magic
 73083 | Depths:1 | Entered Level 1 of the Depths
 73286 | Depths:1 | Found a magical portal.
 73311 | Depths:1 | Reached XP level 23. HP: 144/144 MP: 10/43
 73343 | WizLab   | Entered The Chambers of the Cloud Mage
 73568 | WizLab   | Reached skill level 15 in Fighting
 74181 | WizLab   | Identified the Papyrus of the True Pharaoh
 75365 | Depths:1 | Found a gateway to Hell.
 76139 | Depths:2 | Noticed a caustic shrike
 76156 | Depths:2 | Killed a caustic shrike
 76159 | Depths:2 | Killed from afar by a battlesphere

Skill      XL: |  1  2  3  4  5  6  7  8  9 10 11 12 13 14 15 16 17 18 19 20 21 22 23 |
---------------+----------------------------------------------------------------------+-----
Earth Magic    | 4 5 6 7 8 9 10 11 12 13 14 15 16 17 18 19 20 | 20.3
Spellcasting   | 3 4 5 6 7 8 9 10 11 12 13 14 15 16 | 16.3
Conjurations   | 2 3 4 5 6 7 8 9 10 11 12 13 14 15 16 17 18 | 18.5
Fighting       | 2 3 5 6 7 9 10 11 12 13 14 15 | 15.2
Dodging        | 2 3 4 5 6 7 8 9 10 11 12 | 12.2
Fire Magic     | 3 4 5 7 8 9 10 11 12 13 14 15 16 | 16.6
Shields        | 3 4 |  4.1
Evocations     | 2 4 5 6 8 |  8.8
Stealth        | |  2.1
Transmutations | |  0.7

Action                   |  1- 3 |  4- 6 |  7- 9 | 10-12 | 13-15 | 16-18 | 19-21 | 22-24 || total
-------------------------+-------+-------+-------+-------+-------+-------+-------+-------++-------
Melee: Club              |   150 |    58 |       |       |       |       |       |       ||   208
       Whip              |       |    41 |   192 |   175 |   226 |    32 |    33 |       ||   699
       Staff             |       |       |       |       |       |       |       |     2 ||     2
Throw: Stone             |     8 |       |       |       |     1 |       |       |       ||     9
 Cast: Sandblast         |    33 |    12 |    11 |    29 |    12 |    44 |    22 |     1 ||   164
       Stone Arrow       |       |    26 |    55 |   267 |   118 |    27 |    27 |     8 ||   528
       Lee's Rapid Decon |       |       |     3 |    29 |    39 |    62 |   109 |    93 ||   335
       Bolt of Magma     |       |       |       |     6 |    95 |    37 |     6 |     1 ||   145
       Iron Shot         |       |       |       |       |   291 |   433 |   292 |   138 ||  1154
       Conjure Flame     |       |       |       |       |     2 |     1 |       |       ||     3
       Bolt of Fire      |       |       |       |       |       |    36 |    62 |    71 ||   169
       Shatter           |       |       |       |       |       |       |    10 |     3 ||    13
 Abil: Fly               |       |       |       |       |     1 |     3 |       |     1 ||     5
       Stop Flying       |       |       |       |       |       |     3 |       |     1 ||     4
Evoke: Wand              |       |       |       |       |       |     2 |       |       ||     2
       Staff of energy   |       |       |       |       |       |       |     1 |    46 ||    47
  Use: Scroll            |       |     5 |       |     7 |    20 |     9 |     8 |     2 ||    51
       Potion            |       |       |       |     2 |     1 |     2 |     6 |     1 ||    12
 Stab: Sleeping          |     2 |     3 |       |       |     1 |       |       |       ||     6
       Distracted        |       |       |       |     1 |       |       |       |       ||     1
  Eat: Chunk             |     7 |    10 |    10 |    24 |   100 |    54 |    29 |    12 ||   246
       Ration            |       |       |     1 |     3 |     7 |     7 |     5 |     5 ||    28
Armor: Robe              |    86 |    36 |    82 |   151 |   161 |    89 |    85 |    26 ||   716
Dodge: Dodged            |   126 |    72 |   126 |   237 |   376 |   234 |   159 |    40 ||  1370
Block: Buckler           |       |       |       |    31 |   209 |   155 |   127 |    30 ||   552
       Reflection        |       |       |       |       |       |    41 |    35 |     8 ||    84
